 Dungeon Crawl Stone Soup version 0.30-a0-696-g2367cd04db (webtiles) character file.

Game seed: 6206027710450183616

1950 Darius099 the Ruffian (level 8, -4/83 HPs)
             Began as a Troll Berserker on Jan 20, 2023.
             Was an Elder of Trog.
             Slain by a killer bee (6 damage)
             ... on level 7 of the Dungeon.
             The game lasted 00:16:05 (4975 turns).

Darius099 the Ruffian (Troll Berserker)             Turns: 4975, Time: 00:16:05

Health: -4/83      AC:  4    Str: 26    XL:     8   Next: 99%
Magic:  7/7        EV: 13    Int:  3    God:    Trog [****..]
Gold:   289        SH:  5    Dex: 17    Spells: 7/7 levels left

rFire   . . .      SeeInvis .      - Unarmed
rCold   . . .      Faith    .    (no shield)
rNeg    . . .      Spirit   .    g - +0 robe
rPois   .          Reflect  +    (helmet restricted)
rElec   .          Harm     .    (no cloak)
rCorr   .          Rampage  .    (gloves unavailable)
Will    +....                    (boots unavailable)
Stlth   ++                       d - amulet of reflection
HPRegen 1.13/turn                k - +6 ring of dexterity
MPRegen 0.10/turn                v - ring of willpower

@: lethally poisoned (-4 -> -9)
A: large, unfitting armour, claws 3, regeneration 1, shaggy fur 1, tough skin 1
a: Renounce Religion, Berserk, Trog's Hand, Brothers in Arms


You were on level 7 of the Dungeon.
You worshipped Trog.
Trog was greatly pleased with you.
You visited 1 branch of the dungeon, and saw 7 of its levels.

You collected 289 gold pieces.

Inventory:

Missiles
 y - a throwing net
Armour
 g - a +0 robe (worn)
Jewellery
 d - an amulet of reflection (around neck)
 k - a +6 ring of dexterity (left claw)
 o - a ring of resist corrosion
 q - a ring of see invisible
 v - a ring of willpower (right claw)
 A - a ring of protection from fire
 B - an amulet of the acrobat
Wands
 c - a wand of mindburst (25)
 E - a wand of charming (4)
 F - a wand of flame (12)
Scrolls
 a - 3 scrolls of enchant weapon {unknown}
 b - 3 scrolls of enchant armour {unknown}
 f - 6 scrolls of identify {unknown}
 h - 4 scrolls of torment {unknown}
 n - 2 scrolls of fear {unknown}
 p - 5 scrolls of immolation {unknown}
 r - 6 scrolls of teleportation {unknown}
 s - a scroll of blinking {unknown}
 t - a scroll of magic mapping {unknown}
 x - a scroll of poison {unknown}
Potions
 e - 2 potions of degeneration {unknown}
 i - a potion of mutation {unknown}
 j - 2 potions of heal wounds
 l - a potion of berserk rage {unknown}
 m - a potion of resistance {unknown}
 u - a potion of brilliance {unknown}
 w - 2 potions of curing {unknown}
 z - 2 potions of lignification {unknown}
 C - 3 potions of might {unknown}
 D - a potion of cancellation {unknown}


   Skills:
 + Level 6.1 Fighting
 + Level 6.1 Dodging
 + Level 7.4 Unarmed Combat


You had 7 spell levels left.
You didn't know any spells.
Your spell library was empty.

Dungeon Overview and Level Annotations

Branches:
Dungeon (7/15)             Temple (0/1) D:6

Altars:
Dithmenos
Gozag
Hepliaklqana
Kikubaaqudgha
Nemelex Xobeh
Sif Muna
Vehumet
Wu Jian
Xom
Zin
The Shining One

Shops:
D:1 ?

Annotations:
D:4 Eustachio


Innate Abilities, Weirdness & Mutations

You are too large for most types of armour.
You have claws for hands.
Your natural rate of healing is unusually fast.
You are covered in fur. (AC +1)
You have tough skin. (AC +1)


Message History

The killer bee attacks as you move away!
The killer bee completely misses you.
The killer bee attacks as you move away!
The killer bee stings you.
You are more poisoned.
The killer bee poisons you!
You feel very sick. You block the killer bee's attack.
You claw the killer bee!
The killer bee is heavily wounded.
You feel sick.
The killer bee stings you but does no damage. x2
You claw the killer bee!
The killer bee is almost dead.
You feel sick. The killer bee stings you. The killer bee barely misses you.
You closely miss the killer bee. Your claw misses the killer bee.
The killer bee is heavily wounded.
You feel sick. The killer bee closely misses you. x2
The killer bee stings you.
You are more poisoned.
The killer bee poisons you!
The killer bee stings you but does no damage.
You miss the killer bee.
The killer bee is heavily wounded.
You feel sick. You block the killer bee's attack. The killer bee stings you.
* * * LOW HITPOINT WARNING * * *
The killer bee closely misses you. The killer bee misses you.
The killer bee attacks as you move away!
The killer bee barely misses you.
You feel sick. The killer bee stings you!
* * * LOW HITPOINT WARNING * * *
You are more poisoned.
The killer bee poisons you! The killer bee stings you.
* * * LOW HITPOINT WARNING * * *
The killer bee stings you.
* * * LOW HITPOINT WARNING * * *
You fail to use your ability.
* * * LOW HITPOINT WARNING * * *
You feel very sick. The killer bee stings you.
You die...

##..####.#.# #.#
....# #>#.# #.# ###.#
##'#.## #.# ....#
#.....# #.#
#####.......#
#.###### #.......#
##.##?:.# #>......#
#...#$#?#
#......####.#y#'''###
#......##...@yy.....#
#......####+++#.#.###
######## #...# #..##
#... #####


You could see 3 killer bees.

Vanquished Creatures
  Grinder (D:6)
  A steam dragon (D:6)
  Edmund (D:5)
  A water moccasin (D:6)
  An ice beast (D:6)
  2 black bears
  2 phantoms (D:6)
  A necrophage (D:4)
  A scorpion (D:7)
  3 bullfrogs
  A killer bee (D:7)
  3 hounds
  An orc priest (D:7)
  4 iguanas
  6 orc wizards
  Terence (D:2)
  8 gnolls
  7 adders
  A shadow imp (D:6)
  A white imp (D:7)
  3 worms
  A dart slug (D:2)
  10 orcs
  A bat (D:2)
  8 endoplasms
  4 giant cockroaches
  7 goblins
  8 hobgoblins
  8 jackals
  3 kobolds
  5 quokkas
  6 ball pythons
  2 frilled lizards
  2 rats
115 creatures vanquished.

Vanquished Creatures (others)
  2 orcs (D:6)
2 creatures vanquished.

Grand Total: 117 creatures vanquished

Notes
Turn   | Place    | Note
-------+----------+-------------------------------------------
     0 | D:1      | Darius099 the Troll Berserker began the quest for the Orb.
     0 | D:1      | Reached XP level 1. HP: 22/22 MP: 0/0
     0 | D:1      | Found Lity's Magic Scroll Emporium.
   317 | D:1      | Reached XP level 2. HP: 29/29 MP: 1/1
   742 | D:2      | Reached XP level 3. HP: 27/36 MP: 2/2
   799 | D:2      | Noticed Terence
   804 | D:2      | Killed Terence
   805 | D:2      | Reached XP level 4. HP: 45/45 MP: 3/3
  1350 | D:3      | Reached ** piety under Trog
  1387 | D:3      | Reached skill level 4 in Unarmed Combat
  1452 | D:3      | Identified the +5 sling "Darius099's Regret" {speed, rPois
                  | rCorr MP-9 Dex+5}
  1498 | D:3      | Reached XP level 5. HP: 53/53 MP: 1/4
  1897 | D:3      | Noticed a black bear
  1904 | D:3      | Killed a black bear
  2161 | D:4      | Found a glowing golden altar of the Shining One.
  2162 | D:4      | Found a shimmering altar of Xom.
  2163 | D:4      | Found an ornate altar of the Wu Jian Council.
  2164 | D:4      | Found a hazy altar of Hepliaklqana.
  2171 | D:4      | Reached XP level 6. HP: 62/62 MP: 5/5
  2613 | D:4      | Reached *** piety under Trog
  2754 | D:4      | Noticed Eustachio
  2775 | D:4      | Found a shadowy altar of Dithmenos.
  2844 | D:4      | Found an ancient bone altar of Kikubaaqudgha.
  2848 | D:4      | Reached skill level 5 in Unarmed Combat
  2853 | D:4      | Found a shimmering blue altar of Sif Muna.
  2864 | D:4      | Found a radiant altar of Vehumet.
  2879 | D:4      | Reached XP level 7. HP: 67/70 MP: 6/6
  3128 | D:5      | Entered Level 5 of the Dungeon
  3240 | D:5      | Noticed Edmund
  3255 | D:5      | Killed Edmund
  3315 | D:5      | Found a sparkling altar of Nemelex Xobeh.
  3315 | D:5      | Found an opulent altar of Gozag.
  4062 | D:6      | Reached skill level 5 in Fighting
  4062 | D:6      | Reached skill level 5 in Dodging
  4062 | D:6      | Reached skill level 6 in Unarmed Combat
  4082 | D:6      | Reached XP level 8. HP: 57/80 MP: 7/7
  4258 | D:6      | Found a staircase to the Ecumenical Temple.
  4439 | D:6      | Found a glowing silver altar of Zin.
  4536 | D:6      | Noticed Grinder
  4540 | D:6      | Killed Grinder
  4541 | D:6      | Reached skill level 7 in Unarmed Combat
  4648 | D:7      | Reached **** piety under Trog
  4975 | D:7      | HP: 2/83 [poisoned by a killer bee]
  4975 | D:7      | Slain by a killer bee

Illustrated notes

Levels and vault maps discovered:
D:1:      dpeg_arrival_connections, layout_basic, serial_shops, shop
D:2:      layout_rooms, uniq_terence
D:3:      minmay_skewed_foursquare, layout_loops_cross
D:4:      layout_basic, palyth_temple_overflow_mages,
          nicolae_overflow_hidden_temple,
          chequers_temple_overflow_statue_of_worship, uniq_eustachio
D:5:      layout_basic, grunt_temple_overflow_opulence, grunt_ministairs_1,
          uniq_edmund
D:6:      layout_basic, general_overflow_altar, minmay_temple_entry_ruins,
          fountainhead, uniq_grinder
D:7:      layout_basic, eino_jars

Skill      XL: |  1  2  3  4  5  6  7  8 |
---------------+-------------------------+-----
Dodging        | 3 4 5 6 |  6.1
Fighting       | 3 4 5 6 |  6.1
Unarmed Combat | 4 5 6 7 |  7.4

Action                   |  1- 3 |  4- 6 |  7- 9 || total
-------------------------+-------+-------+-------++-------
Melee: Unarmed           |    36 |   143 |   154 ||   333
       Punch             |     2 |     5 |     3 ||    10
 Fire: Sling             |       |     1 |       ||     1
Invok: Berserk           |       |       |     1 ||     1
  Use: Potion            |     1 |       |       ||     1
 Stab: Sleeping          |       |     3 |       ||     3
Armor: Robe              |     2 |    34 |    42 ||    78
Dodge: Dodged            |    17 |    46 |    85 ||   148
Block: Other             |     9 |    23 |    38 ||    70
       Reflection        |       |       |     1 ||     1

Table legend: (Time is in decaauts)
 A = Elapsed time spent in this place.
 B = Non-inter-level travel time spent in this place.
 C = Inter-level travel time spent in this place.
 D = Time resting spent in this place.
 E = Time spent auto-exploring this place.
 F = Levels seen in this place.
 G = Mean time per level.
                   A        B        C        D        E       F      G
               +--------+--------+--------+--------+--------+-----+--------+
         Total |   4947 |   4754 |    193 |     82 |   2844 |   7 |  706.7 |
       Dungeon |   4947 |   4754 |    193 |     82 |   2844 |   7 |  706.7 |
               +--------+--------+--------+--------+--------+-----+--------+

Top non-repeatable levels by time:
     D:4: 1034 daAuts
     D:3: 934 daAuts
     D:5: 841 daAuts
     D:1: 711 daAuts
     D:6: 576 daAuts
     D:2: 428 daAuts
     D:7: 420 daAuts
